 Dungeon Crawl Stone Soup version 0.30.2 (webtiles) character file.

Game seed: 9567562646038395218

777868 furman the Archmage (level 27, 0/199 HPs)
             Began as a Gargoyle Earth Elementalist on Feb 8, 2024.
             Was the Champion of Vehumet.
             Slain by an emperor scorpion (10 damage)
             ... summoned by a royal mummy
             ... on level 2 of the Tomb of the Ancients on Feb 19, 2024.
             The game lasted 07:59:55 (81385 turns).

furman the Archmage (Gargoyle Earth Elementalist)  Turns: 81385, Time: 07:59:57

Health: 0/199      AC: 50    Str: 21      XL:     27
Magic:  60/60      EV:  2    Int: 41 (43) God:    Vehumet [******]
Gold:   4053       SH:  0    Dex: 10      Spells: 8/80 levels left

rFire   . . .        l - +6 Majin-Bo {spellvamp, MP+6 Int+6}
rCold   + + .        g - +18 shield of the Gong {Loud rN+ Will+ rCorr EV-5}
rNeg    + + +        G - +3 ring mail of Kleptomania {rN+ Will+}
rPois   ∞            u - +2 helmet {SInv}
rElec   +            Y - +2 cloak
rCorr   +            a - +1 pair of gloves "Ceagunir" {rElec Will+ Slay+3}
SInv    +            e - +2 pair of boots
Will    +++++        V - amulet "Lioshr Wuum" {RegenMP rCorr Str+4 Int+3}
Stlth   +            s - ring of the Mage {Wiz Archmagi}
HPRegen 0.53/turn    w - ring "Byidgh" {rC++ Str+3 Int+6}
MPRegen 0.77/turn

%: wizardry (x1), archmagi
@: about to teleport, flying, held, slowed, studying 3 skills, very slow
A: sickness immunity, AC +20, big wings, negative energy resistance 1,
electricity resistance, torment resistance 1, petrification resistance
}: 4/15 runes: decaying, slimy, silver, gossamer
a: Renounce Religion


You were on level 2 of the Tomb of the Ancients.
You worshipped Vehumet.
Vehumet was exalted by your worship.
You visited 12 branches of the dungeon, and saw 53 of its levels.
You completed 1 ziggurat, and saw 27 of its levels.
You also visited: Bailey and Gauntlet.

You collected 11710 gold pieces.
You spent 7657 gold pieces at shops.

Inventory:

Hand Weapons
 d - the +7 broad axe of Generosity {elec, rF+ rC+}
   (You found it on level 3 of the Elven Halls)

   rF:        It protects you from fire.
   rC:        It protects you from cold.
 l - the +6 Majin-Bo (weapon) {spellvamp, MP+6 Int+6}
   (You found it on level 1 of the Depths)

   Int:       It affects your intelligence (+6).
   MP:        It affects your magic capacity (+6).
 r - the +9 staff of Olgreb {rPois∞}
   (You acquired it on level 1 of the Depths)

   It enhances your poison magic.
   It grants immunity to poison.
   It can be activated via the 'a'bility menu to radiate toxic energy, with
   effectiveness depending on Evocations skill.
 M - the +8 whip "Snakebite" {venom, curare, rPois}
   (You found it on level 4 of the Vaults)

   rPois:     It protects you from poison.
Missiles
 n - 19 silver javelins (quivered)
Armour
 a - the +1 pair of gloves "Ceagunir" (worn) {rElec Will+ Slay+3}
   (You found it on level 11 of a ziggurat)

   Slay:      It affects your accuracy & damage with ranged weapons and melee
   (+3).
   rElec:     It insulates you from electricity.
   Will:      It increases your willpower.
 e - a +2 pair of boots (worn)
 g - the +18 shield of the Gong (worn) {Loud rN+ Will+ rCorr EV-5}
   (You found it on level 25 of a ziggurat)

   Loud:      It is deafeningly noisy when blocking attacks.
   EV:        It affects your evasion (-5).
   rN:        It protects you from negative energy.
   rCorr:     It protects you from acid and corrosion.
   Will:      It increases your willpower.
 o - a +5 kite shield of protection
 q - the +9 scales of the Dragon King {rPois rF+ rC+ Will+}
   (You found it on level 11 of a ziggurat)

   rF:        It protects you from fire.
   rC:        It protects you from cold.
   rPois:     It protects you from poison.
   Will:      It increases your willpower.
 u - a +2 helmet of see invisible (worn)
 A - the +3 pair of gauntlets of War {Slay+5}
   (You bought it in a shop on level 3 of the Depths)

   Slay:      It affects your accuracy & damage with ranged weapons and melee
   (+5).
 G - the +3 ring mail of Kleptomania (worn) {rN+ Will+}
   (You bought it in a shop on level 2 of the Orcish Mines)

   rN:        It protects you from negative energy.
   Will:      It increases your willpower.
 Y - a +2 cloak (worn)
Jewellery
 s - the ring of the Mage (left hand) {Wiz Archmagi}
   (You bought it in a shop on level 2 of the Orcish Mines)

   [ring of wizardry]

   It improves your spell success rate.
   Archmagi:  It increases the power of your magical spells.
 w - the ring "Byidgh" (right hand) {rC++ Str+3 Int+6}
   (You bought it in a shop on level 14 of the Dungeon)

   [ring of intelligence]

   Str:       It affects your strength (+3).
   Int:       It affects your intelligence (+6).
   rC:        It greatly protects you from cold.
 B - the ring of Vavais {+Blink rC+ rN+ Will+ Slay+2}
   (You found it on level 9 of a ziggurat)

   [ring of positive energy]

   Slay:      It affects your accuracy & damage with ranged weapons and melee
   (+2).
   rC:        It protects you from cold.
   rN:        It protects you from negative energy.
   +Blink:    It lets you blink.
   Will:      It increases your willpower.
 C - the ring of the Hare {EV+10}
   (You found it on level 13 of a ziggurat)

   [ring of evasion]

   EV:        It affects your evasion (+10).
 I - the ring of Loen Usio {Fire Will+ Int+3}
   (You found it on level 20 of a ziggurat)

   [ring of fire]

   It enhances your fire magic.
   Int:       It affects your intelligence (+3).
   rF:        It protects you from fire.
   rC:        It makes you vulnerable to cold.
   Will:      It increases your willpower.
 N - the amulet of the Singing King {Reflect rF+ rN+ Int-5 SH+5}
   (You found it on level 3 of the Elven Halls)

   [amulet of reflection]

   It reflects blocked missile attacks.
   Int:       It affects your intelligence (-5).
   rF:        It protects you from fire.
   rN:        It protects you from negative energy.
   SH:        It affects your SH (+5).
 V - the amulet "Lioshr Wuum" (around neck) {RegenMP rCorr Str+4 Int+3}
   (You bought it in a shop on level 3 of the Elven Halls)

   [amulet of magic regeneration]

   It increases your rate of magic regeneration.
   Str:       It affects your strength (+4).
   Int:       It affects your intelligence (+3).
   rCorr:     It protects you from acid and corrosion.
 W - the amulet of Hiqu {Reflect -Tele rC+++ rN+ rCorr SH+5}
   (You found it on level 13 of a ziggurat)

   [amulet of reflection]

   It reflects blocked missile attacks.
   rC:        It renders you almost immune to cold.
   rN:        It protects you from negative energy.
   -Tele:     It prevents most forms of teleportation.
   rCorr:     It protects you from acid and corrosion.
   SH:        It affects your SH (+5).
 Z - the ring "Saempytz" {MP+9 Int+5 Dex-3 Stlth+}
   (You found it on level 16 of a ziggurat)

   [ring of magical power]

   Int:       It affects your intelligence (+5).
   Dex:       It affects your dexterity (-3).
   MP:        It affects your magic capacity (+9).
   Stlth:     It makes you more stealthy.
Wands
 i - a wand of mindburst (113)
 j - a wand of acid (21)
 J - a wand of iceblast (71)
 K - a wand of digging (38)
 S - a wand of paralysis (115)
Scrolls
 b - 7 scrolls of poison
 p - 34 scrolls of teleportation
 t - 17 scrolls of immolation
 y - 3 scrolls of butterflies
 D - 10 scrolls of amnesia
 F - 9 scrolls of silence
 L - 21 scrolls of fog
 Q - 12 scrolls of fear
 T - 16 scrolls of magic mapping
 X - 2 scrolls of enchant armour
Potions
 c - 3 potions of cancellation
 k - 10 potions of brilliance
 m - 12 potions of might
 v - a potion of curing
 x - a potion of ambrosia
 z - 8 potions of resistance
 O - a potion of invisibility
 R - a potion of heal wounds
Miscellaneous
 h - a phial of floods
 E - a condenser vane
 H - a phantom mirror
 P - a +1 figurine of a ziggurat
 U - a lightning rod (4/4)


   Skills:
 O Level 27 Fighting
 - Level 9.0 Maces & Flails
 * Level 11.1 Throwing
 * Level 26.0 Armour
 - Level 10.0 Dodging
 - Level 2.1 Stealth
 - Level 15.0 Shields
 O Level 27 Spellcasting
 - Level 18.9 Conjurations
 - Level 0.1 Hexes
 - Level 0.7 Transmutations
 - Level 18.0 Fire Magic
 - Level 0.1 Ice Magic
 - Level 23.0 Earth Magic
 - Level 6.0 Evocations


You had 8 spell levels left.
You knew the following spells:

 Your Spells              Type           Power      Damage    Failure   Level
a - Sandblast             Erth           100%       2d20      0%          1
b - Shatter               Erth           76%        3d55*     1%          9
c - Magic Dart            Conj           100%       1d8       0%          1
d - Searing Ray           Conj           100%       2d8       0%          2
f - Lee's Rapid Deconstr  Erth           76%        3d34*     0%          5
g - Iskenderun's Battles  Conj           100%       2d15      0%          5
h - Fire Storm            Conj/Fire      71%        8d18      3%          9
i - Iron Shot             Conj/Erth      74%        9d14      0%          6
j - Orb of Destruction    Conj           71%        9d16      1%          7
k - Freezing Cloud        Conj/Ice/Air   51%        6-21      1%          5
l - Flame Wave            Conj/Fire      100%       2d21      0%          4
m - Blink                 Tloc           100%       N/A       1%          2
n - Lehudib's Crystal Sp  Conj/Erth      74%        10d17     1%          8
o - Ignition              Fire           70%        3d19      1%          8

Your spell library contained the following spells:

 Spells                   Type           Power      Damage    Failure   Level
 Polar Vortex             Ice            35%        N/A       100%        9
 Foxfire                  Conj/Fire      100%       2x1d9     0%          1
 Shock                    Conj/Air       100%       1d9       0%          1
 Momentum Strike          Conj/Tloc      100%       3d10      0%          2
 Passwall                 Tmut/Erth      100%       N/A       0%          2
 Scorch                   Fire           100%       2d9       0%          2
 Static Discharge         Conj/Air       100%       2-7/arc   0%          2
 Stone Arrow              Conj/Erth      100%       3d13      0%          3
 Sticky Flame             Conj/Fire      100%       2d11      0%          4
 Fireball                 Conj/Fire      71%        3d27      0%          5
 Apportation              Tloc           100%       N/A       1%          1
 Beastly Appendage        Tmut           100%       N/A       1%          1
 Freeze                   Ice            100%       1d10      1%          1
 Necrotise                Necr           100%       1d9       1%          1
 Slow                     Hex            100%       N/A       1%          1
 Sting                    Tmut/Pois      100%       1d8       1%          1
 Summon Small Mammal      Summ           100%       N/A       1%          1
 Call Imp                 Summ           100%       N/A       1%          2
 Ensorcelled Hibernation  Hex/Ice        100%       N/A       1%          2
 Lesser Beckoning         Tloc           100%       N/A       1%          2
 Poisonous Vapours        Pois/Air       100%       N/A       1%          2
 Wereblood                Tmut           75%        N/A       1%          2
 Call Canine Familiar     Summ           70%        N/A       1%          3
 Confusing Touch          Hex            71%        N/A       1%          3
 Dazzling Flash           Conj/Hex       100%       N/A       1%          3
 Frozen Ramparts          Ice            100%       1d16      1%          3
 Gell's Gravitas          Tloc           70%        N/A       1%          3
 Hailstorm                Conj/Ice       100%       3d20      1%          3
 Ignite Poison            Fire/Tmut/Pois 100%       N/A       1%          3
 Inner Flame              Hex/Fire       100%       N/A       1%          3
 Mephitic Cloud           Conj/Pois/Air  100%       N/A       1%          3
 Ozocubu's Armour         Ice            71%        N/A       1%          3
 Portal Projectile        Hex/Tloc       100%       N/A       1%          3
 Spider Form              Tmut/Pois      72%        N/A       1%          3
 Summon Guardian Golem    Hex/Summ       70%        N/A       1%          3
 Swiftness                Air            70%        N/A       1%          3
 Teleport Other           Tloc           70%        N/A       1%          3
 Tukima's Dance           Hex            71%        N/A       1%          3
 Vampiric Draining        Necr           70%        2d11      1%          3
 Vhi's Electric Charge    Tloc/Air       100%       N/A       1%          3
 Volatile Blastmotes      Fire/Tloc      100%       2d18      1%          3
 Airstrike                Air            35%        2d(5-21)  1%          4
 Animate Armour           Summ/Erth      100%       N/A       1%          4
 Fulminant Prism          Conj/Hex       58%        3d24      1%          4
 Ice Form                 Ice/Tmut       73%        N/A       1%          4
 Iskenderun's Mystic Bla  Conj/Tloc      100%       2d19      1%          4
 Leda's Liquefaction      Hex/Erth       61%        N/A       1%          4
 Petrify                  Tmut/Erth      100%       N/A       1%          4
 Arcjolt                  Conj/Air       58%        1d68      1%          5
 Borgnjor's Vile Clutch   Necr/Erth      61%        N/A       1%          5
 Irradiate                Conj/Tmut      58%        3d31      1%          5
 Yara's Violent Unravell  Hex/Tmut       36%        3d15      1%          5
 Conjure Ball Lightning   Conj/Air       58%        3x3d21    1%          6
 Plasma Beam              Fire/Air       57%        2x1d79    1%          6
 Spellforged Servitor     Conj/Summ      58%        N/A       1%          7
 Anguish                  Hex/Necr       35%        N/A       2%          4
 Animate Dead             Necr           70%        N/A       2%          4
 Cause Fear               Hex            35%        N/A       2%          4
 Dispel Undead            Necr           70%        3d24      2%          4
 Manifold Assault         Tloc           70%        N/A       2%          4
 Passage of Golubria      Tloc           70%        N/A       2%          4
 Summon Ice Beast         Ice/Summ       70%        N/A       2%          4
 Summon Lightning Spire   Summ/Air       70%        N/A       2%          4
 Blade Hands              Tmut           37%        N/A       4%          5
 Alistair's Intoxication  Tmut/Pois      48%        N/A       5%          5
 Agony                    Necr           70%        N/A       6%          5
 Metabolic Englaciation   Hex/Ice        35%        N/A       6%          5
 Silence                  Hex/Air        35%        N/A       6%          5
 Summon Forest            Summ/Tloc      35%        N/A       6%          5
 Summon Mana Viper        Hex/Summ       70%        N/A       6%          5
 Eringya's Noxious Bog    Tmut/Pois      36%        N/A       9%          6
 Death Channel            Necr           35%        N/A       32%         6
 Dispersal                Tloc           35%        N/A       32%         6
 Simulacrum               Ice/Necr       35%        N/A       32%         6
 Summon Cactus Giant      Summ           35%        N/A       32%         6
 Ozocubu's Refrigeration  Ice            35%        4d15      38%         7
 Dragon Form              Tmut           37%        N/A       77%         7
 Storm Form               Tmut/Air       36%        N/A       82%         7
 Enfeeble                 Hex            35%        N/A       85%         7
 Haunt                    Necr/Summ      35%        N/A       86%         7
 Malign Gateway           Summ/Tloc      35%        N/A       86%         7
 Monstrous Menagerie      Summ           35%        N/A       86%         7
 Summon Hydra             Summ           35%        N/A       86%         7
 Maxwell's Capacitive Co  Air            35%        ∞         94%         8
 Borgnjor's Revivificati  Necr           35%        N/A       100%        8
 Disjunction              Tloc           35%        N/A       100%        8
 Infestation              Necr           35%        N/A       100%        8
 Necromutation            Tmut/Necr      36%        N/A       100%        8
 Summon Horrible Things   Summ           35%        N/A       100%        8
 Chain Lightning          Conj/Air       58%        3d77      67%         9
 Death's Door             Necr           35%        N/A       100%        9
 Dragon's Call            Summ           35%        N/A       100%        9
 Cigotuvi's Dreadful Rot  Necr/Pois/Air  Unusable   N/A       N/A         2
 Sublimation of Blood     Necr           Unusable   N/A       N/A         2
 Statue Form              Tmut/Erth      Unusable   N/A       N/A         6

Dungeon Overview and Level Annotations

Branches:
Dungeon (15/15)            Temple (1/1) D:6            Lair (5/5) D:10
  Swamp (4/4) Lair:2       Spider (4/4) Lair:3        Slime (5/5) Lair:5
    Orc (2/2) D:9             Elf (3/3) Orc:2        Vaults (5/5) D:13
  Crypt (3/3) Vaults:3       Tomb (2/3) Crypt:3      Depths (4/4) D:15
    Zot (0/5) Depths:4     Bailey (visited)         Gauntlet (visited)

Altars:
Ashenzari
Cheibriados
Dithmenos
Elyvilon
Fedhas
Gozag
Hepliaklqana
Kikubaaqudgha
Makhleb
Nemelex Xobeh
Okawaru
Qazlal
Ru
Sif Muna
Trog
Uskayaw
Vehumet
Wu Jian
Xom
Yredelemnul
Zin
The Shining One
Jiyva
Lugonu

Shops:
D:14 =   Orc:1 =   Orc:2 (=**[*   Elf:3 =   Vaults:1 :   Vaults:4 ?!
Depths:2 *(=   Depths:3 *[(*   Depths:4 =:==

Portals:
Hell: Depths:1 Depths:2 Depths:3 Depths:4
Abyss: D:5 Depths:3
Pandemonium: Depths:1 Depths:2 Depths:3 Depths:4

Annotations:
D:5 2 transporters, diceflayer's ghost, amateur DsGl
D:15 2 transporters
Temple 2 transporters
Lair:1 2 transporters, vbillard's ghost, journeyman DECj
Swamp:4 Bai Suzhen
Elf:2 3 runed translucent doors
Elf:3 6 transporters
Crypt:2 Boris


Innate Abilities, Weirdness & Mutations

You are immune to sickness and miasma.
Your stone body is resilient. (AC +20)
You are immune to poison.
Your large and strong wings let you fly.
You resist negative energy. (rN+)
You are resistant to electric shocks. (rElec)
You are resistant to unholy torment.
You are immune to petrification.


Message History

You feel much better.
Your surroundings seem slightly different.
Found 23 gold pieces.
The death scarab's many legs skitter faintly.
You block the death scarab's attack.
PTOANNNG!
The death scarab completely misses you. You block the death scarab's attack.
GONNNNG!
You block the death scarab's attack.
BOUMMMMG!
The death scarab bites you but does no damage.
The royal mummy calls on the powers of darkness!
The emperor scorpion convulses! x6; Your body is wracked with pain!
* * * LOW HITPOINT WARNING * * *
The bennu convulses!
The skeletal warrior hits you but does no damage.
The death scarab bites you.
* * * LOW HITPOINT WARNING * * *
The rust devil drops a net on you.
You become entangled in the net!
The mummy priest calls on the powers of darkness!
The emperor scorpion convulses! x2; Your body is wracked with pain!
* * * LOW HITPOINT WARNING * * *
The emperor scorpion convulses! x2; The bennu convulses! x2
The death scarab bites you but does no damage.
The mummy priest utters an invocation to its god.
You hear a faint skittering sound.
Okay, then.
As you read the scroll of teleportation, it crumbles to dust.
You feel strangely unstable. The death scarab bites you.
* * * LOW HITPOINT WARNING * * *
The death scarab drains your vigour!
You feel yourself slow down. The death scarab bites you!
* * * LOW HITPOINT WARNING * * *
The death scarab bites you but does no damage.
The death scarab bites you.
* * * LOW HITPOINT WARNING * * *
The death scarab waves its antennae.
The death scarab bites you but does no damage. x4
The emperor scorpion stings you!
You die...

#..B.B..M....##.##.B......^...
#.........^.. ###.....M....B5.
M..B....M...###.^.###....B..?.M
......MM####..V...$.M####..MBBB
####MB.....z.z.M....M...M.....BBs
...#..†.M....4.MzW..M..[....B.BBB
.§..##.#†.##.WM#MBs.sM..'.#####.#
......B..zM...BzsBs..MMM.^.MM.B.#
..........zM.^.B@ss.......MM...M#
?^..§.§.M.†b..WBBBB....#.......B'
.....#B§.......BbB..^...........#
..B #.....†...........#........#
# ##.###....§...##...#########
#.## ##.##.##.# ## ▓▓ ▓▓▓▓▓▓ ▓▓


You could see 2 royal mummies, 6 emperor scorpions, 2 bennus, 3 mummy priests, 2
skeletal warriors, a jiangshi (summoned), a shadow wraith (summoned, invisible),
2 guardian mummies, a rust devil (summoned), a wraith (summoned), 10 death
scarabs, a shadow (summoned, invisible), 3 flying skulls, 7 mummies and a wight
(summoned).

Vanquished Creatures
  the Royal Jelly (Slime:5)
  A pandemonium lord (Zig:7)
  4 dread liches
  5 ancient liches
  Mennas (Vaults:3)
  Mara (Swamp:4)
  2 juggernauts
  Sojobo (Vaults:5)
  32 royal mummies
  7 shard shrikes
  Vv (Depths:4)
  Margery (Crypt:2)
  5 Killer Klowns
  10 caustic shrikes
  12 golden dragons
  Arachne (Spider:3)
  A pearl dragon (Zig:4)
  5 bone dragons
  7 iron giants
  10 hellephants
  4 Brimstone Fiends (Zig:25)
  Zenata (Vaults:3)
  Jorgrun (Elf:2)
  5 tentacled monstrosities
  10 Hell Sentinels
  11 liches
  9 titans
  2 walking divine tomes
  7 Ice Fiends
  2 deep elf blademasters (Elf:3)
  30 acid blobs
  2 deep elf master archers (Elf:3)
  12 searing wretches (Zig:25)
  2 tentacled starspawn (Zig:16)
  10 ancient champions
  9 thorn hunters
  12 sphinxes
  8 tengu reavers
  7 shadow dragons
  The ghost of Frank the Fencer, an adept DsFi of Hepliaklqana (Depths:1)
  8 storm dragons
  Roxanne (D:14)
  Kirke (Lair:4)
  9 revenants
  14 fire giants
  A fenstrider witch (Zig:23)
  Donald (Swamp:2)
  13 rockslimes
  8 draconian knights
  16 azure jellies
  A quicksilver elemental (Zig:14)
  A draconian monk (Depths:4)
  A demonspawn warmonger (Zig:7)
  21 nagarajas
  30 vault wardens
  3 emperor scorpions
  3 caustic shrike zombies
  A frost giant (shapeshifter) (Zig:8)
  15 frost giants
  6 deep elf sorcerers
  4 ghost moths (Spider:4)
  9 iron dragons
  7 narguns (Zig:20)
  18 balrugs
  4 ghouls
  5 spectral caustic shrikes (Depths:2)
  17 quicksilver oozes
  3 draconian stormcallers (Zig:5)
  3 juggernaut zombies
  9 orc warlords
  3 curse skulls
  A draconian annihilator (Depths:4)
  3 angels
  8 deep elf elementalists
  24 ironbound preservers
  4 demonspawn blood saints (Zig:11)
  2 reapers
  3 broodmothers (Spider:4)
  An ophan (Zig:16)
  13 war gargoyles
  3 spriggan defenders
  22 very ugly things
  6 deep elf demonologists
  27 vampire knights
  9 ironbound thunderhulks
  26 stone giants
  A red draconian (Zig:5)
  An apis (Zig:4)
  5 bennus
  Nessos (Lair:3)
  A lorocyproca (Depths:2)
  2 black draconians (Depths:4)
  7 eleionomae
  32 dire elephants
  A minotaur (Gauntlet)
  A purple draconian (Depths:4)
  13 deep elf annihilators
  10 wendigos (Zig:20)
  7 bunyips
  5 spark wasps
  13 deep elf death magi
  7 iron golems
  9 green deaths
  8 blizzard demons
  Snorg (D:11)
  16 ettins
  An ettin (shapeshifter) (Zig:8)
  11 eidola
  15 jiangshi
  4 shambling mangroves
  6 crystal guardians
  23 mummy priests
  A quicksilver dragon zombie (Zig:22)
  11 entropy weavers
  8 fire dragons
  5 deep elf high priests
  A great orb of eyes (shapeshifter) (Elf:3)
  15 ice dragons
  A fenstrider witch zombie (Tomb:1)
  18 great orbs of eyes
  2 peacekeepers
  36 vault guards
  17 salamander tyrants (Zig:26)
  13 yaktaur captains
  23 hydras
  A hell beast (Zig:8)
  4 rakshasas (Depths:2)
  Fannar (Lair:3)
  2 ghost crabs
  2 jorogumos
  An ogre mage (Vaults:5)
  4 spriggan air magi (Depths:3)
  An Orb Guardian zombie (Crypt:1)
  12 ironbound frosthearts
  The ghost of dragonscale333 the Thaumaturge, a journeyman GnWn of Nemelex Xobeh (D:9)
  24 centaur warriors
  2 radroaches
  A juggernaut simulacrum (Zig:20)
  2 anacondas (Zig:26)
  Erica (D:8)
  A fenstrider witch skeleton (Crypt:3)
  2 catoblepae
  35 death scarabs
  A stoker (Zig:25)
  22 dancing weapons
  10 alligators
  3 naga warriors (Zig:26)
  7 two-headed ogres
  13 vampire magi
  6 death yaks
  3 death knights
  18 boulder beetles
  2 deep troll earth magi
  5 deep troll shamans
  A titan zombie (Zig:22)
  5 thrashing horrors
  3 hell hogs (Zig:25)
  8 orc high priests
  7 spriggan berserkers
  6 naga sharpshooters (Zig:26)
  7 hell knights
  3 shock serpents (Zig:26)
  9 spriggans
  4 wretched stars
  A titan skeleton (Zig:21)
  12 tengu warriors
  A storm dragon zombie (Depths:2)
  7 iron trolls
  9 soul eaters
  Nergalle (D:10)
  2 crystal echidnas (Zig:14)
  2 sixfirhies
  39 skeletal warriors
  6 shadow wraiths
  2 spatial maelstroms (Zig:16)
  A salamander mystic (Zig:11)
  A spectral death yak (Lair:5)
  A pharaoh ant (Spider:2)
  6 deep elf knights (Elf:2)
  10 large abominations
  2 skysharks (Lair:5)
  2 storm dragon skeletons
  A swamp dragon (shapeshifter) (Depths:3)
  A bunyip zombie (Crypt:1)
  57 deep trolls
  Lodul (D:10)
  5 glowing orange brains
  23 swamp dragons
  5 flayed ghosts
  4 goliath frogs
  A spectral anaconda (Lair:5)
  7 spriggan druids
  7 obsidian statues
  A sun moth (Spider:3)
  A golden dragon zombie (Zig:21)
  5 bog bodies
  3 anaconda zombies (Crypt:3)
  13 wizards
  2 spectral hydras (Swamp:4)
  3 naga ritualists (Zig:26)
  29 ironbound convokers
  7 death drakes
  19 deep elf archers
  A golden dragon skeleton (Zig:21)
  7 lindwurms
  7 orb spiders
  6 steelbarb worms
  A steelbarb worm (shapeshifter) (Zig:8)
  5 harpies (Vaults:3)
  2 shadow dragon zombies
  2 starcursed masses (Zig:16)
  23 deep elf pyromancers
  An iron dragon zombie (Depths:2)
  3 oklob plants (Swamp:4)
  11 necromancers
  13 orc knights
  30 phantasmal warriors
  2 fire giant zombies
  20 wolf spiders
  28 ugly things
  26 deep elf zephyrmancers
  2 mana vipers (Zig:26)
  11 shining eyes
  4 manticores
  2 frost giant zombies (Depths:1)
  A stone giant zombie (Depths:1)
  8 orc sorcerers
  6 cyclopes
  A wolf spider (shapeshifter) (Vaults:1)
  12 moths of wrath
  A salamander (shapeshifter) (Elf:1)
  2 shadow dragon skeletons
  An iron dragon skeleton (Zig:13)
  5 will-o-the-wisps
  22 elephants
  A salamander (Zig:26)
  2 sphinx skeletons
  4 rust devils
  2 guardian serpents (shapeshifter)
  4 naga magi
  An elephant (shapeshifter) (Vaults:5)
  A black mamba (shapeshifter) (D:15)
  13 black mambas
  Joseph (D:8)
  15 vault sentinels
  6 eyes of devastation
  A titan simulacrum (Depths:1)
  3 ice statues
  3 demonic crawlers
  A molten gargoyle (Lair:2)
  6 guardian serpents (Zig:26)
  10 smoke demons
  2 apocalypse crabs
  2 dire elephant zombies
  10 torpor snails
  A naga skeleton (Crypt:3)
  A centaur skeleton (Crypt:1)
  8 gargoyles
  A minotaur zombie (Gauntlet)
  2 orange demons
  11 komodo dragons
  3 unseen horrors
  9 hellions
  14 cane toads
  An unseen horror zombie (Crypt:1)
  A pale draconian zombie (Crypt:2)
  10 rime drakes
  40 yaktaurs
  4 freezing wraiths
  An iron troll zombie (Crypt:2)
  7 tormentors
  5 ice devils
  An efreet (D:13)
  A kobold demonologist (D:14)
  32 guardian mummies
  3 tengu conjurers (D:15)
  An alligator snapping turtle skeleton (Crypt:3)
  A harpy zombie (Crypt:3)
  3 ancient zymes (Zig:16)
  2 death drake zombies
  3 red devils
  A hellwing (Depths:3)
  2 bloated husks
  4 hydra zombies (Swamp:4)
  3 meliai (Spider:4)
  10 tyrant leeches
  4 hydra skeletons (Swamp:4)
  6 trolls
  13 hornets
  An iron troll skeleton (Crypt:3)
  A spectral elephant (Lair:5)
  A hornet (shapeshifter) (D:15)
  2 raiju (Zig:16)
  2 harpy skeletons
  A polar bear (Zig:15)
  30 tarantellas
  10 dream sheep
  2 ettin zombies (Crypt:3)
  2 spriggan zombies
  11 blink frogs
  An iron dragon simulacrum (Zig:22)
  37 jumping spiders
  26 flying skulls
  A slime creature (shapeshifter) (Depths:2)
  25 culicivoras
  A jumping spider (shapeshifter) (D:13)
  118 slime creatures
  2 spriggan skeletons
  5 air elementals
  A shadow (D:10)
  15 ushabtiu
  A vampire (Zig:16)
  13 water elementals
  A human (shapeshifter) (Vaults:5)
  17 wraiths
  2 wyverns
  Eustachio (D:6)
  7 hogs (Lair:4)
  7 humans (D:13)
  2 basilisks
  3 ynoxinuls
  An ettin skeleton (Depths:2)
  3 fire elementals
  55 yaks
  41 redbacks
  4 golden eyes
  22 vampire mosquitoes
  4 chaos spawn
  A death yak simulacrum (Lair:5)
  5 wargs
  4 neqoxecs
  A deep troll zombie (Crypt:3)
  7 nagas (Zig:26)
  17 swamp worms
  6 small abominations (Gauntlet)
  A faun zombie (Crypt:3)
  A glowing shapeshifter zombie (Zig:21)
  14 water moccasins
  A faun skeleton (Crypt:1)
  6 hydra simulacra
  2 floating eyes
  A swamp dragon zombie (Swamp:4)
  6 swamp drakes
  46 orc warriors
  A sky beast (D:7)
  21 ogres
  4 ice beasts
  3 black bears
  9 wolves
  3 swamp dragon skeletons
  4 boggarts (Vaults:2)
  5 centaurs
  2 elephant skeletons
  A blink frog skeleton (Crypt:3)
  Blork the orc (Orc:1)
  8 kobold brigands
  3 gnoll sergeants
  11 earth elementals
  18 bullfrogs
  2 necrophages
  4 scorpions
  A draconian skeleton (Crypt:1)
  3 wights (D:9)
  An elephant simulacrum (Lair:5)
  A warg skeleton (Crypt:1)
  6 killer bees (D:8)
  3 vampire bats (Orc:2)
  2 electric eels (D:4)
  6 howler monkeys
  2 centaur zombies
  6 hounds
  3 jellies (Lair:5)
  13 orc priests
  A bullfrog skeleton (Crypt:1)
  A gnoll bouda (D:4)
  4 iguanas
  20 orc wizards
  3 hound skeletons (D:3)
  58 mummies
  14 gnolls
  5 adders
  A shadow imp (D:7)
  6 white imps
  3 ufetubi (D:5)
  An adder skeleton (D:3)
  An adder zombie (D:3)
  3 worms
  5 dart slugs
  74 orcs
  11 bats
  7 endoplasms
  4 giant cockroaches
  12 hobgoblins
  5 quokkas
  7 ball pythons
  5 frilled lizards
  12 goblins
  A goblin skeleton (Crypt:3)
  20 kobolds
  A quokka zombie (D:3)
  5 rats
  A rat zombie (Crypt:2)
  A butterfly (Lair:4)
3133 creatures vanquished.

Vanquished Creatures (collateral kills)
  A royal mummy (Zig:21)
  An Ice Fiend (Zig:20)
  A lich (Zig:19)
  4 acid blobs
  A revenant (Zig:19)
  A balrug (Zig:25)
  A war gargoyle (Zig:27)
  A wendigo (Zig:20)
  An apocalypse crab (Zig:8)
  3 slime creatures
  A hellion (Zig:25)
  A flying skull (Tomb:1)
  A golden eye (Slime:1)
  6 mummies
24 creatures vanquished.

Vanquished Creatures (others)
  A vault guard (D:13)
  A juggernaut simulacrum (Zig:20)
  A deep troll (Vaults:5)
  6 ball lightnings
  388 fire vortices
  14 foxfires
411 creatures vanquished.

Grand Total: 3568 creatures vanquished

Notes
Turn   | Place    | Note
-------+----------+-------------------------------------------
     0 | D:1      | furman the Gargoyle Earth Elementalist began the quest for
                  | the Orb.
     0 | D:1      | Reached XP level 1. HP: 10/10 MP: 3/3
   244 | D:1      | Reached XP level 2. HP: 15/15 MP: 3/5
   640 | D:1      | Reached XP level 3. HP: 19/19 MP: 4/6
   746 | D:1      | Learned a level 3 spell: Stone Arrow
  1648 | D:2      | Reached XP level 4. HP: 23/24 MP: 3/8
  1971 | D:2      | Reached skill level 5 in Earth Magic
  2580 | D:3      | Reached skill level 1 in Conjurations
  2606 | D:3      | Learned a level 1 spell: Magic Dart
  2609 | D:3      | Learned a level 2 spell: Searing Ray
  2708 | D:3      | Found an opulent altar of Gozag.
  2859 | D:3      | Reached XP level 5. HP: 28/28 MP: 8/10
  3141 | D:4      | Found a transporter.
  3190 | D:4      | Found a sacrificial altar of Ru.
  3310 | D:4      | Found a transporter.
  3748 | D:4      | Reached XP level 6. HP: 32/32 MP: 9/12
  3976 | D:4      | Noticed an ice beast
  3981 | D:4      | Killed an ice beast
  4264 | D:5      | Entered Level 5 of the Dungeon
  4309 | D:5      | Found a transporter.
  4316 | D:5      | Found a transporter.
  4330 | D:5      | Reached skill level 5 in Spellcasting
  4330 | D:5      | Reached XP level 7. HP: 29/36 MP: 9/14
  4381 | D:5      | Found a one-way gate to the infinite horrors of the Abyss.
  4381 | D:5      | Noticed diceflayer's ghost (amateur DsGl)
  4394 | D:5      | Noticed a small abomination
  4471 | D:5      | Reached skill level 1 in Fighting
  4813 | D:5      | Found an ornate altar of the Wu Jian Council.
  5124 | D:5      | Found a basalt altar of Yredelemnul.
  5336 | D:5      | Reached XP level 8. HP: 25/45 MP: 9/16
  5441 | D:5      | Found a bloodstained altar of Trog.
  5441 | D:5      | Found a sacrificial altar of Ru.
  5443 | D:5      | Found a shimmering altar of Xom.
  5443 | D:5      | Found a sacrificial altar of Ru.
  5443 | D:5      | Found a glowing silver altar of Zin.
  5743 | D:6      | Noticed Eustachio
  5911 | D:6      | Killed Eustachio
  6024 | D:6      | Reached skill level 5 in Conjurations
  6212 | D:6      | Reached XP level 9. HP: 44/52 MP: 4/19
  6370 | D:6      | Found a staircase to the Ecumenical Temple.
  6386 | Temple   | Entered the Ecumenical Temple
  6386 | Temple   | Found a transporter.
  6386 | Temple   | Found a transporter.
  6388 | Temple   | Found a transporter.
  6388 | Temple   | Found a transporter.
  6416 | Temple   | Became a worshipper of Vehumet
  6487 | D:6      | Found a basalt altar of Yredelemnul.
  7196 | D:7      | Reached skill level 5 in Fighting
  7530 | D:8      | Reached skill level 1 in Armour
  7660 | D:8      | Noticed a two-headed ogre
  7666 | D:8      | Killed a two-headed ogre
  7810 | D:8      | Found a snail-covered altar of Cheibriados.
  7918 | D:8      | Noticed Erica
  7928 | D:8      | Reached * piety under Vehumet
  7928 | D:8      | Offered knowledge of Kiss of Death by Vehumet.
  7933 | D:8      | Reached XP level 10. HP: 51/60 MP: 12/22
  7933 | D:8      | Killed Erica
  8691 | D:8      | Noticed Maurice
  8976 | D:8      | Noticed Joseph
  8992 | D:8      | Killed Joseph
  9184 | D:8      | Identified the +7 dagger of Destruction {spect, rC+ Int+2}
  9189 | D:8      | Found a broken altar of Ashenzari.
  9291 | D:8      | Maurice changed into Maurice the giant cockroach
  9291 | D:8      | Noticed Maurice
  9292 | D:8      | Killed Maurice the giant cockroach
  9829 | D:9      | Reached ** piety under Vehumet
 10013 | D:9      | Offered knowledge of Shock by Vehumet.
 10293 | D:9      | Found a burning altar of Makhleb.
 10412 | D:9      | Found a runed translucent gate.
 10412 | D:9      | Found a runed translucent gate.
 10412 | D:9      | Found a runed translucent gate.
 10413 | D:9      | Noticed dragonscale333's ghost (journeyman GnWn)
 10423 | D:9      | Reached XP level 11. HP: 66/66 MP: 18/24
 10499 | D:9      | Found a staircase to the Orcish Mines.
 10824 | D:10     | Entered Level 10 of the Dungeon
 10856 | D:10     | Reached skill level 1 in Shields
 10862 | D:10     | Offered knowledge of Inner Flame by Vehumet.
 10884 | D:10     | Found a sparkling altar of Nemelex Xobeh.
 10948 | D:10     | Noticed Nergalle
 10956 | D:10     | Killed Nergalle
 10957 | D:10     | Reached skill level 5 in Armour
 10957 | D:10     | Reached skill level 10 in Conjurations
 11212 | D:10     | Noticed Lodul
 11215 | D:10     | Found a flagged portal.
 11217 | D:10     | Reached *** piety under Vehumet
 11218 | D:10     | Reached skill level 10 in Spellcasting
 11221 | D:10     | Killed Lodul
 11295 | Bailey   | Entered a bailey
 11347 | Bailey   | Offered knowledge of Dazzling Flash by Vehumet.
 11352 | Bailey   | Learned a level 3 spell: Dazzling Flash
 11824 | Bailey   | Found a burning altar of Makhleb.
 11836 | Bailey   | Got the Codex of Adjuration
 11843 | Bailey   | Learned a level 5 spell: Lee's Rapid Deconstruction
 12053 | D:10     | Noticed a two-headed ogre
 12056 | D:10     | Killed a two-headed ogre
 12226 | D:10     | Noticed a two-headed ogre
 12234 | D:10     | Killed a two-headed ogre
 12418 | D:10     | Found a staircase to the Lair.
 12627 | D:11     | Noticed a two-headed ogre
 12632 | D:11     | Killed a two-headed ogre
 12633 | D:11     | Reached XP level 12. HP: 75/75 MP: 17/26
 12789 | D:11     | Noticed a two-headed ogre
 12795 | D:11     | Killed a two-headed ogre
 12995 | D:11     | Reached **** piety under Vehumet
 13074 | D:11     | Noticed a two-headed ogre
 13078 | D:11     | Killed a two-headed ogre
 13134 | D:11     | Noticed Snorg
 13142 | D:11     | Killed Snorg
 14063 | D:12     | Reached skill level 10 in Earth Magic
 14140 | Lair:1   | Entered Level 1 of the Lair of Beasts
 14140 | Lair:1   | Noticed a catoblepas
 14282 | Lair:1   | Offered knowledge of Iskenderun's Battlesphere by Vehumet.
 14289 | Lair:1   | Learned a level 5 spell: Iskenderun's Battlesphere
 14328 | Lair:1   | Killed a catoblepas
 14476 | Lair:1   | Reached skill level 5 in Shields
 14836 | Lair:1   | Noticed a boulder beetle
 14844 | Lair:1   | Killed a boulder beetle
 14956 | Lair:1   | Found a transporter.
 14975 | Lair:1   | Noticed vbillard's ghost (journeyman DECj)
 14985 | Lair:1   | Found a transporter.
 15323 | Lair:1   | Reached XP level 13. HP: 73/80 MP: 24/27
 15781 | Lair:2   | Reached ***** piety under Vehumet
 15864 | Lair:2   | Offered knowledge of Sticky Flame by Vehumet.
 16115 | Lair:2   | Found a staircase to the Swamp.
 16188 | Lair:2   | Learned a level 4 spell: Iskenderun's Mystic Blast
 16560 | Lair:3   | Found a hole to the Spider Nest.
 16614 | Lair:3   | Found a gate leading to a gauntlet.
 16621 | Gauntlet | Entered a Gauntlet
 16621 | Gauntlet | Found a transporter.
 16631 | Gauntlet | Found a transporter.
 16631 | Gauntlet | Found a transporter.
 16632 | Gauntlet | Found a transporter.
 16640 | Gauntlet | Found a transporter.
 16643 | Gauntlet | Found a transporter.
 16644 | Gauntlet | Found a transporter.
 16655 | Gauntlet | Found a transporter.
 16656 | Gauntlet | Found a transporter.
 16657 | Gauntlet | Found a transporter.
 16664 | Gauntlet | Noticed a blizzard demon
 16667 | Gauntlet | Found a transporter.
 16667 | Gauntlet | Found a transporter.
 16668 | Gauntlet | Found a transporter.
 16671 | Gauntlet | Noticed an entropy weaver
 16674 | Gauntlet | Found a runed translucent gate.
 16676 | Gauntlet | Found a transporter.
 16677 | Gauntlet | Found a runed translucent gate.
 16678 | Gauntlet | Found a runed translucent gate.
 16994 | Gauntlet | Killed a blizzard demon
 17125 | Gauntlet | Got the Parchment of Grim Grit
 17138 | Gauntlet | Killed an entropy weaver
 17205 | Gauntlet | Identified the ring "Quef" {rElec rPois rC+ rN+}
 17205 | Gauntlet | Noticed a minotaur
 17213 | Gauntlet | Killed a minotaur
 17234 | Gauntlet | Identified the +3 ring mail "Puekul" {Harm rF- rC- SInv}
 17459 | Lair:3   | Noticed Nessos
 17479 | Lair:3   | Killed Nessos
 17910 | Lair:3   | Noticed Fannar
 17916 | Lair:3   | Killed Fannar
 18243 | Lair:3   | Identified the +0 long sword of Beiloust {flame, rElec
                  | Will+ SInv}
 18761 | Lair:4   | Reached skill level 10 in Fighting
 18869 | Lair:4   | Gained mutation: Your large and strong wings let you fly.
                  | [Gargoyle growth]
 18869 | Lair:4   | Reached XP level 14. HP: 88/88 MP: 24/29
 19168 | Lair:3   | Reached skill level 10 in Armour
 19976 | Lair:4   | Noticed Kirke
 20000 | Lair:4   | Killed Kirke
 20801 | Lair:5   | Entered Level 5 of the Lair of Beasts
 21154 | Lair:5   | Found a viscous altar of Jiyva.
 21155 | Lair:5   | Found a staircase to the Slime Pits.
 21548 | Lair:5   | Noticed a dire elephant
 21548 | Lair:5   | Noticed a dire elephant
 21549 | Lair:5   | Noticed a dire elephant
 23022 | Lair:5   | Reached XP level 15. HP: 91/92 MP: 19/31
 23124 | Lair:5   | Identified a scroll of acquirement
 23124 | Lair:5   | Acquired a +4 demon blade of electrocution
 23557 | Lair:5   | Identified the staff of death "Fipubb" {rN+ Dex+2}
 23777 | Orc:1    | Entered Level 1 of the Orcish Mines
 24015 | Orc:1    | Found Otrod's Jewellery Boutique.
 24023 | Orc:1    | Bought an amulet of reflection for 510 gold pieces
 24234 | Orc:2    | Entered Level 2 of the Orcish Mines
 24234 | Orc:2    | Found Qutya's General Store.
 24602 | Orc:2    | Noticed an orc warlord
 24679 | Orc:2    | Killed an orc warlord
 25357 | Orc:2    | Noticed Blork the orc
 25377 | Orc:1    | Killed Blork the orc
 25377 | Orc:1    | Offered knowledge of Iron Shot by Vehumet.
 25385 | Orc:1    | Learned a level 6 spell: Iron Shot
 25642 | Orc:2    | Found Fif Coar's Assorted Antiques.
 26264 | Orc:2    | Found Qumeis's Jewellery Shop.
 26302 | Orc:2    | Found a staircase to the Elven Halls.
 26308 | Orc:2    | Bought the ring of the Mage {Wiz Archmagi} for 765 gold
                  | pieces
 26308 | Orc:2    | Found the ring of the Mage {Wiz Archmagi}
 26401 | Orc:2    | Found Suent's Antique Weapon Shop.
 26724 | Orc:2    | Found Saysed's Antique Armour Shop.
 26730 | Orc:2    | Bought a pair of glowing gloves for 262 gold pieces
 26730 | Orc:2    | Bought a faintly humming ring mail for 315 gold pieces
 26730 | Orc:2    | Identified the +3 ring mail of Kleptomania {rN+ Will+} (You
                  | bought it in a shop on level 2 of the Orcish Mines)
 26778 | Orc:2    | Found Ykhleuc's General Store.
 26922 | Orc:2    | Bought a potion of heal wounds for 135 gold pieces
 26922 | Orc:2    | Bought 2 black potions for 48 gold pieces
 26972 | D:9      | Killed dragonscale333's ghost
 27565 | D:12     | Learned a level 7 spell: Orb of Destruction
 29527 | D:13     | Offered knowledge of Ozocubu's Refrigeration by Vehumet.
 29653 | D:13     | You are sucked into a shaft and drop 1 floor!
 29725 | D:14     | Found Ekehusk's Jewellery Boutique.
 29752 | D:14     | Noticed Roxanne
 29759 | D:14     | Killed Roxanne
 30263 | D:13     | Found a gate to the Vaults.
 30268 | D:13     | Identified the +0 plate armour of the Quahog {Fly rC+ Will-
                  | Str+6 SInv}
 30611 | D:14     | Identified the +4 leather armour of Lesser Demons {-Tele
                  | Str+6 Slay+2}
 30904 | D:15     | Entered Level 15 of the Dungeon
 31038 | Swamp:1  | Entered Level 1 of the Swamp
 31056 | Swamp:1  | Reached XP level 16. HP: 97/97 MP: 19/34
 32370 | Swamp:1  | Learned a level 5 spell: Freezing Cloud
 32404 | Swamp:2  | Noticed Donald
 32413 | Swamp:2  | Killed Donald
 32735 | Swamp:2  | Noticed a thorn hunter
 32743 | Swamp:2  | Killed a thorn hunter
 32940 | Swamp:2  | Reached skill level 15 in Earth Magic
 32964 | Swamp:2  | Noticed a thorn hunter
 32968 | Swamp:2  | Killed a thorn hunter
 33443 | Swamp:2  | Reached skill level 15 in Conjurations
 33942 | Swamp:3  | Noticed a thorn hunter
 33947 | Swamp:3  | Killed a thorn hunter
 34177 | Swamp:3  | Reached ****** piety under Vehumet
 34218 | Swamp:3  | Offered knowledge of Fireball by Vehumet.
 34238 | Swamp:3  | Reached skill level 10 in Shields
 34406 | Swamp:3  | Reached skill level 15 in Spellcasting
 34414 | Swamp:3  | Noticed a thorn hunter
 34424 | Swamp:3  | Killed a thorn hunter
 35075 | Swamp:4  | Entered Level 4 of the Swamp
 35197 | Swamp:4  | Noticed Mara
 35204 | Swamp:4  | Noticed furman's illusion
 35846 | Swamp:3  | Reached XP level 17. HP: 92/104 MP: 28/36
 37064 | Swamp:4  | Noticed furman's illusion
 37417 | Swamp:4  | Noticed furman's illusion
 37510 | Swamp:4  | Killed Mara
 37957 | Swamp:4  | Found a blossoming altar of Fedhas.
 38158 | Swamp:4  | Found a basalt altar of Yredelemnul.
 38173 | Swamp:4  | Got a decaying rune of Zot
 38372 | Swamp:4  | Noticed Bai Suzhen
 38470 | Spider:1 | Entered Level 1 of the Spider Nest
 38752 | Elf:1    | Entered Level 1 of the Elven Halls
 39359 | Elf:1    | Offered knowledge of Plasma Beam by Vehumet.
 39606 | Elf:1    | Paralysed by an air elemental for 1 turns
 40800 | Elf:2    | Paralysed by an air elemental for 1 turns
 40972 | Elf:2    | Reached XP level 18. HP: 93/112 MP: 18/38
 41073 | Elf:2    | Learned a level 4 spell: Flame Wave
 41378 | Elf:2    | Learned a level 2 spell: Blink
 41469 | Elf:2    | Found a runed translucent gate.
 41469 | Elf:2    | Found a runed translucent gate.
 41470 | Elf:2    | Found a runed translucent gate.
 41668 | Elf:2    | Reached skill level 1 in Fire Magic
 41684 | Elf:2    | Noticed Jorgrun
 41688 | Elf:2    | Killed Jorgrun
 42089 | Elf:3    | Entered Level 3 of the Elven Halls
 42103 | Elf:3    | Found a transporter.
 42104 | Elf:3    | Found a transporter.
 42248 | Elf:3    | Found a transporter.
 42250 | Elf:3    | Found a transporter.
 42392 | Elf:3    | Found Libol's Jewellery Boutique.
 42405 | Elf:3    | Bought the amulet "Lioshr Wuum" {RegenMP rCorr Str+4 Int+3}
                  | for 802 gold pieces
 42623 | Elf:3    | Found a transporter.
 42624 | Elf:3    | Found a transporter.
 42934 | Elf:3    | Noticed a deep elf blademaster
 42942 | Elf:3    | Killed a deep elf blademaster
 42947 | Elf:3    | Killed a ghostly deep elf blademaster
 42950 | Elf:3    | Noticed a deep elf master archer
 42963 | Elf:3    | Noticed a deep elf blademaster
 42967 | Elf:3    | Killed a deep elf blademaster
 42974 | Elf:3    | Killed a deep elf master archer
 42994 | Elf:3    | Killed a deep elf master archer
 43003 | Elf:3    | Reached skill level 5 in Fire Magic
 43011 | Elf:3    | Offered knowledge of Conjure Ball Lightning by Vehumet.
 43345 | Elf:3    | Reached skill level 5 in Dodging
 43349 | Elf:3    | Identified the +1 scimitar of Unreason {heavy, rElec rPois
                  | Will+}
 43474 | Elf:3    | Identified the +7 falchion "Voqo" {drain, Contam rElec
                  | rCorr Str+3}
 43522 | Elf:3    | Identified the +7 broad axe of Generosity {elec, rF+ rC+}
 43535 | Elf:3    | Identified the +1 long sword "Lomap" {freeze, Fragile rPois
                  | Str+5}
 43536 | Elf:3    | Identified the +7 spear "Xetuha" {heavy, *Slow rN+ rCorr}
 43541 | Elf:3    | Identified the amulet of the Singing King {Reflect rF+ rN+
                  | Int-5 SH+5}
 43549 | Elf:3    | Identified the +6 shortbow of Loruoh {elec, rPois rC++}
 43590 | Elf:3    | Found the +4 consecrated labrys {holy, Valiant Fragile Fly
                  | SInv}
 43611 | Elf:3    | Identified the +3 dagger "Eviyng" {spect, rN+ Str-3 Int+3}
 43618 | Elf:3    | Identified the +3 great mace of Circularity {flame, Fly
                  | rF++ Int-4 Stlth-}
 43675 | Elf:3    | Identified the +7 rapier of Wrath {venom, rC+ Will++ Dex+7}
 44120 | Vaults:1 | Entered Level 1 of the Vaults
 44206 | Vaults:1 | Found Gixt's Book Emporium.
 44262 | Vaults:1 | Reached XP level 19. HP: 111/121 MP: 32/40
 44519 | Vaults:1 | Reached skill level 15 in Fighting
 44860 | Vaults:1 | Learned a level 6 spell: Conjure Ball Lightning
 45049 | Vaults:1 | Offered knowledge of Starburst by Vehumet.
 46384 | Vaults:2 | Reached skill level 1 in Evocations
 46683 | Vaults:2 | Reached XP level 20. HP: 91/129 MP: 24/41
 47515 | Vaults:2 | Acquired 721 gold pieces
 47601 | Vaults:2 | Got the Omnibus of the Several Quests
 47722 | Vaults:2 | Offered knowledge of Fire Storm by Vehumet.
 47722 | Vaults:2 | Offered knowledge of Polar Vortex by Vehumet.
 47722 | Vaults:2 | Offered knowledge of Ignition by Vehumet.
 48168 | Orc:2    | Bought the +2 pair of slick slippers {slick, slippery,
                  | EV+4} for 1340 gold pieces
 48168 | Orc:2    | Found the +2 pair of slick slippers {slick, slippery, EV+4}
 48330 | D:14     | Bought the ring "Byidgh" {rC++ Str+3 Int+6} for 801 gold
                  | pieces
 48759 | Vaults:3 | Noticed Mennas
 48787 | Vaults:3 | Killed Mennas
 48829 | Vaults:3 | Noticed a dread lich
 48985 | Vaults:3 | Killed a dread lich
 49180 | Vaults:3 | Got the Directory of Shifting Convocation
 49275 | Vaults:3 | Noticed Zenata
 49285 | Vaults:3 | Killed Zenata
 49608 | Vaults:3 | You are sucked into a shaft and drop 1 floor!
 49892 | Vaults:3 | Found a staircase to the Crypt.
 50254 | Vaults:3 | Reached XP level 21. HP: 84/134 MP: 41/43
 50893 | Vaults:4 | Found the +10 Black Knight's barding {ponderous, rPois rN+}
 50898 | Vaults:4 | Reached skill level 5 in Evocations
 51568 | Vaults:4 | Found Disel's Distillery.
 51576 | Vaults:4 | Bought a potion of haste for 120 gold pieces
 51576 | Vaults:4 | Bought a potion of curing for 36 gold pieces
 51576 | Vaults:4 | Bought 2 potions of curing for 72 gold pieces
 52154 | Vaults:4 | Found the +8 whip "Snakebite" {venom, curare, rPois}
 52198 | Vaults:4 | Found Wimim's Magic Scroll Boutique.
 52812 | D:15     | Found a transporter.
 52832 | D:15     | Found a transporter.
 52946 | D:15     | Reached skill level 1 in Maces & Flails
 52990 | D:15     | Found a staircase to the Depths.
 53303 | D:15     | Found a transporter.
 53370 | D:15     | Found a transporter.
 54097 | Spider:1 | Identified the +7 war axe of Turmoil {venom, *Noise rC+
                  | Int+3 Dex+3}
 54552 | Spider:2 | Reached XP level 22. HP: 140/140 MP: 40/46
 55131 | Spider:3 | Identified the +2 leather armour of the Beginning {Fly
                  | rElec Int+3}
 55202 | Spider:3 | Noticed Arachne
 55209 | Spider:3 | Reached skill level 10 in Dodging
 55211 | Spider:3 | Killed Arachne
 56144 | Spider:4 | Entered Level 4 of the Spider Nest
 56770 | Spider:4 | Reached skill level 5 in Maces & Flails
 57163 | Spider:4 | Reached skill level 15 in Shields
 57459 | Spider:4 | Got a gossamer rune of Zot
 57872 | Depths:1 | Entered Level 1 of the Depths
 58198 | Vaults:4 | Learned a level 8 spell: Lehudib's Crystal Spear
 58200 | Vaults:5 | Entered Level 5 of the Vaults
 58238 | Vaults:5 | Noticed Sojobo
 58249 | Vaults:5 | HP: 7/140 [Sojobo/the air (24)]
 58251 | Vaults:5 | Noticed a golden dragon
 58257 | Vaults:5 | Killed Sojobo
 58258 | Vaults:5 | Killed a golden dragon
 58268 | Vaults:5 | Reached XP level 23. HP: 59/144 MP: 40/47
 58612 | Vaults:5 | Got a silver rune of Zot
 58648 | Vaults:5 | Identified the +8 shortbow "Gyet" {speed, rPois Will++
                  | Str+3}
 58998 | Vaults:5 | Identified the ring "Parchylo" {rF- Will++ Slay+4}
 59029 | Vaults:5 | Noticed a dread lich
 59033 | Vaults:5 | Killed a dread lich
 59159 | Vaults:5 | Identified the amulet of the Monkey's Uncle {Spirit +Blink
                  | rPois rCorr SInv}
 59238 | Vaults:5 | Noticed a golden dragon
 59241 | Vaults:5 | Killed a golden dragon
 59310 | Vaults:5 | Identified the +8 scimitar "Kueriniqo" {holy, Fly Str+4
                  | Stlth+}
 59982 | Vaults:5 | Noticed a golden dragon
 59985 | Vaults:5 | Killed a golden dragon
 60297 | Vaults:5 | Got the Spellbook of the Productive Snake
 60298 | Vaults:5 | Identified the staff of conjuration "Xungim" {*Corrode rC++
                  | Str+4}
 60328 | Vaults:5 | Got the Tractate on Topological Attacks
 60469 | Vaults:5 | Identified the +1 pair of gloves of Lies {Drain Str+6
                  | Int+3}
 60483 | Vaults:5 | Identified the staff of death "Kairigeo" {rPois rN+ Int+2
                  | Stlth+}
 60679 | Vaults:4 | Bought a scroll of acquirement for 676 gold pieces
 60681 | Vaults:4 | Acquired the +10 morningstar "Eos" {elec, Halo rElec}
 60681 | Vaults:4 | Found the +10 morningstar "Eos" {elec, Halo rElec}
 61192 | Depths:1 | Found a runed translucent gate.
 61193 | Depths:1 | Found a runed translucent gate.
 61194 | Depths:1 | Found a runed translucent gate.
 61194 | Depths:1 | Found an ancient bone altar of Kikubaaqudgha.
 61195 | Depths:1 | Noticed an ancient lich
 61195 | Depths:1 | Found the +6 Majin-Bo {spellvamp, MP+6 Int+6}
 61195 | Depths:1 | Noticed Frank's ghost (adept DsFi)
 61195 | Depths:1 | Noticed an ancient lich
 61196 | Depths:1 | Noticed an ancient lich
 61260 | Depths:1 | Found a gateway to Hell.
 61539 | Depths:1 | Acquired the +9 staff of Olgreb {rPois∞}
 61539 | Depths:1 | Found the +9 staff of Olgreb {rPois∞}
 61607 | Depths:1 | Reached XP level 24. HP: 150/150 MP: 40/48
 61674 | Depths:1 | Found a stormy altar of Qazlal.
 61795 | Depths:1 | Found a one-way gate leading to the halls of Pandemonium.
 61979 | Depths:1 | Found a glowing silver altar of Zin.
 62385 | Depths:1 | Killed Frank's ghost
 62419 | Depths:1 | Identified the amulet of Nanod {Acrobat Dex+2}
 62426 | Depths:1 | Identified the +0 pair of boots "Syer" {rElec rC+ rCorr
                  | Dex+2}
 62429 | Depths:1 | Identified the +4 ring mail "Bonaqut" {+Inv rC+ Int+5}
 62451 | Depths:1 | Killed an ancient lich
 62473 | Depths:1 | Killed an ancient lich
 62986 | Depths:2 | Found Ofafaote's General Store.
 62988 | Depths:2 | Found Nydgh's Jewellery Shoppe.
 62995 | Depths:2 | Bought a potion of resistance for 150 gold pieces
 63144 | Depths:2 | Found Hymics's Antique Weapon Emporium.
 63514 | Depths:2 | Identified the +3 ring mail of Mizolus {+Inv Will+ Str-5
                  | SInv}
 63559 | Depths:2 | Found Yhid's General Store.
 64383 | Depths:3 | Noticed a juggernaut
 64391 | Depths:3 | Killed a juggernaut
 64636 | Depths:3 | Found Awuigipp's Antique Weapon Shop.
 64636 | Depths:3 | Found Yluej's Armour Boutique.
 64637 | Depths:3 | Found Zuishez's General Store.
 64647 | Depths:3 | Reached XP level 25. HP: 153/157 MP: 48/49
 64666 | Depths:3 | Found Netziod's Assorted Antiques.
 64669 | Depths:3 | Bought a crude dagger for 182 gold pieces
 64669 | Depths:3 | Identified the +3 dagger of the Beginning {holy, Int+4}
                  | (You bought it in a shop on level 3 of the Depths)
 64676 | Depths:3 | Bought a potion of haste for 280 gold pieces
 64676 | Depths:3 | Bought a scroll of teleportation for 84 gold pieces
 64676 | Depths:3 | Bought a masterwork hand axe for 224 gold pieces
 64676 | Depths:3 | Identified the +9 hand axe of the Depths {venom, rN+ SInv}
                  | (You bought it in a shop on level 3 of the Depths)
 64685 | Depths:3 | Bought the +3 pair of gauntlets of War {Slay+5} for 855
                  | gold pieces
 64685 | Depths:3 | Found the +3 pair of gauntlets of War {Slay+5}
 65609 | Depths:3 | Found a corrupted altar of Lugonu.
 65647 | Depths:4 | Entered Level 4 of the Depths
 65655 | Depths:4 | Found Raheh's Jewellery Shop.
 65656 | Depths:4 | Found Aqos's Book Shoppe.
 65657 | Depths:4 | Found Lostiyma's Jewellery Shop.
 66171 | Depths:4 | Found a gate to the Realm of Zot.
 66295 | Depths:4 | Found Ymuitol's Jewellery Emporium.
 66369 | Depths:4 | Found a one-way gateway to a ziggurat.
 66423 | Depths:4 | Noticed Vv
 66430 | Depths:4 | Killed Vv
 67156 | Crypt:1  | Entered Level 1 of the Crypt
 68033 | Crypt:1  | Acquired 903 gold pieces
 68714 | Crypt:2  | Noticed Margery
 68733 | Crypt:2  | Killed Margery
 69292 | Crypt:2  | Found an ancient bone altar of Kikubaaqudgha.
 69567 | Crypt:2  | Noticed Boris
 69625 | Crypt:3  | Entered Level 3 of the Crypt
 69708 | Crypt:3  | Noticed an ancient lich
 69711 | Crypt:3  | Killed an ancient lich
 69712 | Crypt:3  | Reached skill level 10 in Fire Magic
 69974 | Crypt:3  | Reached XP level 26. HP: 154/163 MP: 50/50
 70119 | Crypt:3  | Found a staircase to the Tomb.
 70708 | Crypt:3  | Found an ancient bone altar of Kikubaaqudgha.
 71256 | Crypt:3  | Identified the +2 chain mail of Makhleb's Hope {rF- rN+
                  | rCorr Str+2}
 71260 | Crypt:3  | Identified the staff of air "Deyp" {rElec Int+4}
 71998 | Crypt:3  | Learned a level 9 spell: Fire Storm
 72007 | Crypt:3  | Learned a level 8 spell: Ignition
 72486 | Zig:1    | Entered Level 1 of a ziggurat
 72503 | Zig:2    | Entered Level 2 of a ziggurat
 72553 | Zig:3    | Entered Level 3 of a ziggurat
 72579 | Zig:4    | Entered Level 4 of a ziggurat
 72630 | Zig:5    | Entered Level 5 of a ziggurat
 72653 | Zig:5    | Identified the +0 pair of boots "Ofiexeosu" {rElec}
 72662 | Zig:6    | Entered Level 6 of a ziggurat
 72666 | Zig:6    | Noticed a Killer Klown
 72667 | Zig:6    | Noticed a Killer Klown
 72668 | Zig:6    | Killed a Killer Klown
 72669 | Zig:6    | Killed a Killer Klown
 72679 | Zig:6    | Identified the staff of poison "Zounib" {rPois Str+3
                  | Stlth-}
 72691 | Zig:6    | Identified the +5 scale mail of the Goldsmith {rElec
                  | Will++}
 72719 | Zig:7    | Entered Level 7 of a ziggurat
 72723 | Zig:7    | Noticed Jamaute the pandemonium lord
 72726 | Zig:7    | Reached skill level 15 in Fire Magic
 72728 | Zig:7    | Killed Jamaute the pandemonium lord
 72873 | Zig:8    | Entered Level 8 of a ziggurat
 72880 | Zig:8    | Noticed a Killer Klown
 72880 | Zig:8    | Noticed a Killer Klown
 72881 | Zig:8    | Noticed a Killer Klown
 72882 | Zig:8    | Killed a Killer Klown
 72883 | Zig:8    | Killed a Killer Klown
 72884 | Zig:8    | Killed a Killer Klown
 72925 | Zig:8    | Reached XP level 27. HP: 168/168 MP: 50/50
 72944 | Zig:9    | Entered Level 9 of a ziggurat
 73020 | Zig:9    | Got the Vellum of Causimancy and Charms
 73021 | Zig:9    | Identified the +5 longbow "Otevoesiagh" {freeze, rC+}
 73022 | Zig:9    | Identified the ring of Plog {rPois rN+ Dex+3 Stlth-}
 73041 | Zig:9    | Learned a level 9 spell: Shatter
 73041 | Zig:9    | Identified the ring of Vavais {+Blink rC+ rN+ Will+ Slay+2}
 73051 | Zig:10   | Entered Level 10 of a ziggurat
 73060 | Zig:10   | Noticed a dread lich
 73065 | Zig:10   | Killed a dread lich
 73199 | Zig:11   | Entered Level 11 of a ziggurat
 73210 | Zig:11   | Found the +8 demon trident "Rift" {distort, reach+}
 73212 | Zig:11   | Found the +9 scales of the Dragon King {rPois rF+ rC+
                  | Will+}
 73322 | Zig:11   | Got Baedauj's Codex of Lofty Transmogrification
 73323 | Zig:11   | Identified the +4 ring mail "Nunekoan" {*Corrode +Inv rC+
                  | SInv}
 73368 | Zig:11   | Got the Discourse on the Contaminated Tropics
 73374 | Zig:11   | Identified the +1 pair of gloves "Ceagunir" {rElec Will+
                  | Slay+3}
 73395 | Zig:12   | Entered Level 12 of a ziggurat
 73412 | Zig:12   | Found the +7 captain's cutlass {speed, disarm}
 73446 | Zig:13   | Entered Level 13 of a ziggurat
 73453 | Zig:13   | Noticed a royal mummy
 73458 | Zig:13   | Noticed a royal mummy
 73459 | Zig:13   | Killed a royal mummy
 73460 | Zig:13   | Reached skill level 15 in Armour
 73461 | Zig:13   | Killed a royal mummy
 73475 | Zig:13   | Found the ring of the Hare {EV+10}
 73701 | Zig:13   | Identified the ring "Doyc" {*Corrode Str+4 Int+6 Dex+3}
 73704 | Zig:13   | Identified the amulet of Hiqu {Reflect -Tele rC+++ rN+
                  | rCorr SH+5}
 73706 | Zig:13   | Identified the +5 rapier "Demonbane" {drain, rF+}
 73731 | Zig:14   | Entered Level 14 of a ziggurat
 73748 | Zig:14   | Noticed an ancient lich
 73757 | Zig:14   | Killed an ancient lich
 73814 | Zig:14   | Found the +8 autumn katana {manifold assault}
 73828 | Zig:14   | Identified the staff of fire "Ateluv" {rElec rF+ Dex+4
                  | Stlth-}
 73870 | Zig:15   | Entered Level 15 of a ziggurat
 73908 | Zig:15   | Identified the staff of conjuration "Beudghyqu" {Dex+3}
 73911 | Zig:15   | Identified the ring of Lugonu's Reproof {rC+ rCorr}
 73917 | Zig:15   | Identified the staff of poison "Ecefic" {rPois Str+2 Int+3}
 73927 | Zig:16   | Entered Level 16 of a ziggurat
 74161 | Zig:16   | Found the +8 storm bow {elec, penet}
 74174 | Zig:16   | Identified the +9 glaive of Fear {heavy, rN+ Str-2 Dex+2}
 74191 | Zig:16   | Identified the +9 plate armour of Nomas {Regen+ Str+3
                  | Dex+3}
 74193 | Zig:16   | Got the Elucidation of Overcast Cryomancy
 74195 | Zig:16   | Identified the ring "Saempytz" {MP+9 Int+5 Dex-3 Stlth+}
 74204 | Zig:16   | Identified the +5 shortbow "Bisifuk" {speed, rPois Str+6}
 74205 | Zig:16   | Identified the +1 leather armour of the Avant Garde Grue
                  | {rPois rC+ Int+3}
 74214 | Zig:17   | Entered Level 17 of a ziggurat
 74255 | Zig:17   | Identified the +4 mace "Gobiqel" {heavy, rN+ MP+9 Str-3}
 74256 | Zig:17   | Identified the amulet of Abinlofe {RegenMP Int+7}
 74257 | Zig:17   | Identified the +3 leather armour of Noahyul {rN+ Dex+4}
 74268 | Zig:17   | Identified the +5 glaive of Amortisation {freeze, rC+
                  | Will+}
 74273 | Zig:18   | Entered Level 18 of a ziggurat
 74292 | Zig:18   | Noticed a juggernaut
 74295 | Zig:18   | Killed a juggernaut
 74306 | Zig:18   | Identified the staff of conjuration "Lorext" {Dex+5 Stlth+}
 74318 | Zig:18   | Got the Compilation of Grey Incandescence
 74319 | Zig:18   | Identified the +0 shortbow of the Gazing Messenger {heavy,
                  | rN+ Int-5 Dex+6}
 74343 | Zig:19   | Entered Level 19 of a ziggurat
 74366 | Zig:19   | Noticed a dread lich
 74370 | Zig:19   | Killed a dread lich
 74396 | Zig:19   | Identified the +3 scale mail "Ceefreku" {Int+3}
 74398 | Zig:19   | Identified the ring "Gogem" {Fly rN+ Will+ Dex-2}
 74419 | Zig:19   | Identified the +2 battleaxe "Vifaoh" {vamp, Will++ Str+2
                  | Int-3 SInv}
 74444 | Zig:20   | Entered Level 20 of a ziggurat
 74457 | Zig:20   | Paralysed by a wendigo for 1 turns
 74468 | Zig:20   | Paralysed by a wendigo for 1 turns
 74508 | Zig:20   | Identified the amulet "Nenydar" {Reflect *Corrode Fly Int+6
                  | SH+5}
 74510 | Zig:20   | Identified the staff of fire "Ughas Hugena" {Drain rF+
                  | Will+ rCorr Int+4}
 74514 | Zig:20   | Identified the staff of death "Zifronke" {rN+ Int+4 Stlth-}
 74516 | Zig:20   | Identified the staff of fire "Xadem" {rF+ Int+4}
 74520 | Zig:20   | Identified the ring of Loen Usio {Fire Will+ Int+3}
 74736 | Zig:21   | Entered Level 21 of a ziggurat
 74747 | Zig:21   | Noticed a royal mummy
 74751 | Zig:21   | Noticed a royal mummy
 74753 | Zig:21   | Killed a royal mummy
 74753 | Zig:21   | Noticed a royal mummy
 74755 | Zig:21   | Killed a royal mummy
 74756 | Zig:21   | Killed a royal mummy
 74759 | Zig:21   | Noticed a royal mummy
 74760 | Zig:21   | Noticed a royal mummy
 74762 | Zig:21   | Killed a royal mummy
 74763 | Zig:21   | Killed a royal mummy
 74768 | Zig:21   | Noticed a royal mummy
 74769 | Zig:21   | Noticed a royal mummy
 74771 | Zig:21   | Killed a royal mummy
 74771 | Zig:21   | Killed a royal mummy
 74780 | Zig:21   | Noticed a royal mummy
 74782 | Zig:21   | Noticed a royal mummy
 74782 | Zig:21   | Noticed a royal mummy
 74791 | Zig:21   | Killed a royal mummy
 74793 | Zig:21   | Killed a royal mummy
 74793 | Zig:21   | Killed a royal mummy
 74793 | Zig:21   | Noticed a royal mummy
 74796 | Zig:21   | Killed a royal mummy
 74805 | Zig:21   | Noticed a royal mummy
 74819 | Zig:21   | Killed a royal mummy
 75138 | Zig:21   | Identified the +8 war axe of the Thing {flame, rC+ Int+6}
 75142 | Zig:21   | Identified the ring "Faodyth" {*Corrode rN+ Will+ Str+8
                  | Slay-5 Stlth+}
 75144 | Zig:21   | Identified the +2 scale mail of the Bull {rPois}
 75180 | Zig:22   | Entered Level 22 of a ziggurat
 75201 | Zig:22   | Noticed a royal mummy
 75205 | Zig:22   | Noticed a royal mummy
 75205 | Zig:22   | Noticed a royal mummy
 75205 | Zig:22   | Noticed a royal mummy
 75206 | Zig:22   | Noticed a royal mummy
 75207 | Zig:22   | Killed a royal mummy
 75207 | Zig:22   | Killed a royal mummy
 75208 | Zig:22   | Killed a royal mummy
 75208 | Zig:22   | Killed a royal mummy
 75208 | Zig:22   | Killed a royal mummy
 75271 | Zig:22   | Noticed a royal mummy
 75271 | Zig:22   | Noticed a royal mummy
 75275 | Zig:23   | Entered Level 23 of a ziggurat
 75357 | Zig:23   | Reached skill level 27 in Spellcasting
 75409 | Zig:23   | Found the +10 zealot's sword {holy, Zealotry, *Rage rN+
                  | EV+3}
 75419 | Zig:23   | Identified the +0 spear "Jaebyso" {venom, rPois Dex-2
                  | Stlth+}
 75420 | Zig:23   | Identified the +2 dagger "Gununa" {flame, rC+ Int+2}
 75421 | Zig:23   | Identified the staff of poison "Qufot" {rPois Int+3}
 75424 | Zig:23   | Identified the +1 robe of Vehie {rC+ Will++ Dex+3}
 75430 | Zig:23   | Identified the +2 great sword of Mourning {elec, Dex+3}
 75461 | Zig:24   | Entered Level 24 of a ziggurat
 75521 | Zig:24   | Identified the +10 trident of Megalomania {freeze, rPois
                  | rC+ Int+4}
 75524 | Zig:24   | Identified the staff of conjuration "Qepsef" {rC++ Will+}
 75530 | Zig:24   | Identified the +1 shortbow "Grom" {drain, Str+2}
 75535 | Zig:24   | Identified the ring "Pocinur" {Fly Str+3}
 75548 | Zig:24   | Identified the ring of Tudwe {Fly rCorr Int+7}
 75560 | Zig:24   | Identified the +3 broad axe of Doubt {antimagic, *Slow
                  | rF+++ Dex+4 Stlth+}
 75572 | Zig:25   | Entered Level 25 of a ziggurat
 75995 | Zig:25   | Found the +18 shield of the Gong {Loud rN+ Will+ rCorr
                  | EV-5}
 76000 | Zig:25   | Identified the staff of air "Liareine" {+Blink Fly rElec}
 76007 | Zig:25   | Identified the +0 war axe of Spite {drain, *Rage rF+ Dex+5
                  | SInv}
 76009 | Zig:25   | Identified the staff of earth "Muezab" {Drain Dex+5}
 76027 | Zig:25   | Identified the amulet of Surot {Spirit Contam +Blink Will++
                  | Str+4}
 76066 | Zig:25   | Identified the staff of cold "Lounipri" {*Corrode rPois rC+
                  | Int+4}
 76098 | Zig:26   | Entered Level 26 of a ziggurat
 76156 | Zig:26   | Identified the +2 chain mail "Burr" {Will++ rCorr}
 76157 | Zig:26   | Identified the ring of the Original Sin {+Blink Int+5
                  | Slay+4}
 76160 | Zig:26   | Identified the staff of earth "Wirau" {rC+}
 76161 | Zig:26   | Identified the staff of cold "Tuhothix" {rC+ rN+ Will+}
 76167 | Zig:26   | Identified the +1 falchion of Sin {flame, rElec rCorr
                  | Int+2}
 76202 | Zig:26   | Identified the ring "Nefooqew" {+Blink Fly}
 76214 | Zig:26   | Identified the staff of earth "Feyxint" {rElec rF+ rN++
                  | Int-2}
 76219 | Zig:27   | Entered Level 27 of a ziggurat
 76287 | Zig:27   | Identified the ring "Emizeg" {rPois rCorr EV+5 Slay-6}
 76301 | Zig:27   | Identified the ring of the Salamander {rN+ rCorr}
 76318 | Zig:27   | Identified the ring "Ollyur Tahol" {rF- AC+4 Str+3}
 76339 | Zig:27   | Identified the staff of poison "Zeghurho" {rPois rN++}
 76340 | Zig:27   | Identified the amulet "Vumu" {-Cast rN+ Regen+ Str+2
                  | Stlth+}
 76349 | Zig:27   | Identified the +7 falchion of the Chewing Gods {antimagic,
                  | rPois Str+4}
 76350 | Zig:27   | Identified the ring of Yfoestre {Will+ Str+6 Dex-3}
 76454 | Depths:1 | Killed an ancient lich
 76680 | Slime:1  | Entered Level 1 of the Pits of Slime
 76755 | Slime:1  | Found a viscous altar of Jiyva.
 77864 | Slime:5  | Entered Level 5 of the Pits of Slime
 77887 | Slime:5  | Noticed the Royal Jelly
 77892 | Slime:5  | Killed the Royal Jelly
 78015 | Slime:5  | Got a slimy rune of Zot
 78023 | Slime:5  | Identified the +0 scale mail of the Queen of Swords {Harm
                  | Int-3 Dex+2}
 78040 | Slime:5  | Identified the staff of fire "Yqura" {Fragile rPois rF+
                  | Will- MP+9}
 78052 | Slime:5  | Identified the +9 sling of Dauzef {speed, Str+5}
 78695 | Tomb:1   | Entered Level 1 of the Tomb of the Ancients
 78879 | Tomb:1   | Noticed a royal mummy
 78886 | Tomb:1   | Killed a royal mummy
 78887 | Tomb:1   | Reached skill level 1 in Throwing
 79013 | Tomb:1   | Identified the +5 quarterstaff "Muter" {freeze, *Rage rN+
                  | Dex+4 Stlth+}
 79048 | Tomb:1   | Identified the +0 ring mail of Sirheden {Str+4 Stlth+}
 79123 | Tomb:1   | Identified the +6 hand axe of Annihilation {flame, rC+ rN+}
 79249 | Tomb:1   | Reached skill level 27 in Fighting
 79267 | Tomb:1   | Noticed a royal mummy
 79273 | Tomb:1   | Killed a royal mummy
 79561 | Tomb:1   | Noticed a royal mummy
 79566 | Tomb:1   | Killed a royal mummy
 79566 | Tomb:1   | Noticed a royal mummy
 79567 | Tomb:1   | Reached skill level 5 in Throwing
 79568 | Tomb:1   | Killed a royal mummy
 79755 | Tomb:1   | Identified the ring "Ofruh" {rN+ Dex+3}
 79755 | Tomb:1   | Noticed a royal mummy
 79760 | Tomb:1   | Killed a royal mummy
 79770 | Tomb:1   | Noticed a royal mummy
 79774 | Tomb:1   | Killed a royal mummy
 80026 | Tomb:1   | Noticed a royal mummy
 80032 | Tomb:1   | Killed a royal mummy
 80036 | Tomb:1   | Noticed a royal mummy
 80040 | Tomb:1   | Killed a royal mummy
 80252 | Tomb:1   | Noticed a royal mummy
 80256 | Tomb:1   | Killed a royal mummy
 80267 | Tomb:1   | Noticed a royal mummy
 80269 | Tomb:1   | Killed a royal mummy
 80286 | Tomb:1   | Noticed a royal mummy
 80290 | Tomb:1   | Killed a royal mummy
 80307 | Tomb:1   | Noticed a royal mummy
 80311 | Tomb:1   | Killed a royal mummy
 80311 | Tomb:1   | HP: 7/199 [something (21)]
 80948 | Tomb:1   | Identified the +8 morningstar "Olaoll" {spect, *Corrode Fly
                  | rElec rN++}
 80998 | Tomb:1   | Noticed a royal mummy
 81002 | Tomb:1   | Killed a royal mummy
 81240 | Tomb:2   | Noticed a royal mummy
 81240 | Tomb:2   | Noticed a royal mummy
 81242 | Tomb:2   | Noticed a royal mummy
 81242 | Tomb:2   | Noticed a royal mummy
 81374 | Tomb:2   | Reached skill level 10 in Throwing
 81380 | Tomb:2   | Killed a royal mummy
 81385 | Tomb:2   | Slain by an emperor scorpion

Illustrated notes

Levels and vault maps discovered:
D:1:      roderic_crop_circles_arrival_small, layout_loops_ring, st_stairs_10,
          minmay_unequal
D:2:      layout_basic, minmay_pentomino_t4
D:3:      layout_rooms, mainiacjoe_overflow_cross_hatched, serial_undead,
          serial_undead_c, serial_undead_b, serial_undead_d, serial_undead_a,
          kennysheep_generic_room_13
D:4:      gammafunk_steamed_eel, layout_basic, amcnicky_altar_gilded,
          grunt_decor_cap, minmay_crystal_water
D:5:      layout_loops_ring, nicolae_overflow_hidden_temple,
          doesnt_xom_only_xom, gammafunk_ghost_abyssal_escape, st_stairs_9,
          nicolae_elevator_lobby_asterisk
D:6:      layout_rooms, mainiacjoe_overflow_chevrons, minmay_temple_entry_mist,
          dk_noncrumbling_4, kennysheep_generic_room_2, uniq_eustachio
D:7:      layout_rooms
D:8:      layout_layer_cave, mainiacjoe_overflow_brackets,
          nicolae_ashenzari_skybound, uniq_maurice, uniq_erica, uniq_joseph
D:9:      layout_loops_ring, bloody_makhleb, david_orc_3,
          ebering_ghost_rock_garden
D:10:     layout_roguey, nemelex_xobeh_ov_fountains_minmay,
          grunt_lair_entry_orc_guard_hut, enter_bailey_4,
          nicolae_elevator_lobby_plus, uniq_nergalle, uniq_lodul
D:11:     layout_irregular_city, grunt_ministairs_11, uniq_snorg
D:12:     layout_layer_cave
D:13:     kennysheep_scales, layout_irregular_city, ximxim_vaults_locker_room,
          serial_column_ruins, column_ruins_grid_4, column_ruins_open_small,
          column_ruins_grid_4, column_ruins_open_tiny, column_ruins_open_tiny
D:14:     layout_cave_pools, nicolae_figureground_sparkle, serial_shops,
          shop_fountains, uniq_roxanne
D:15:     grunt_enter_depths_giant_problem, layout_loops_cross,
          nicolae_concentric_dashed_squares_wild, minmay_misc_feat_doors,
          minmay_misc_feat_room, dreamdust_mushroom_princess,
          nicolae_transporter_intersection
Temple:   hellmonk_temple_divided_pantheon
Lair:1:   layout_loops_ring, nzn_ghost_randoct, lemuel_old_faithful,
          grunt_megastairs_5, serial_bayou_shore_a
Lair:2:   layout_gridlike, swamp_mist
Lair:3:   layout_roguey, dummy_spider_entry, portal_ice_cave_entry_pillars_1,
          gauntlet_entry_generic, lemuel_fruit_tree, lemuel_fruit_fields,
          uniq_nessos, uniq_fannar
Lair:4:   layout_layer_cave, grunt_megastairs_3, lemuel_fruit_fields, uniq_kirke
Lair:5:   due_jungle_book, layout_loops_ring, minmay_slime_entry_pillars,
          infiniplex_staircase_pool
Swamp:1:  layout_basic_swamp, nicolae_swamp_dense_foliage
Swamp:2:  layout_basic_swamp, evilmike_swamp_ruin_house_2, swamp_pool3,
          hangedman_swamp_double_dragon, uniq_donald
Swamp:3:  layout_falls_marsh, nicolae_swamp_stair_fork
Swamp:4:  byrel_swamp_growth_death_and_undeath, layout_basic_swamp, uniq_mara,
          uniq_bai_suzhen
Spider:1: layout_spider_delve
Spider:2: layout_spider_delve, nicolae_spider_cling_halls
Spider:3: layout_cave_pods, uniq_arachne
Spider:4: grunt_spider_rune_parallel
Slime:1:  layout_caves, basic_altar, nicolae_slime_phagocytosis
Slime:2:  layout_caves
Slime:3:  layout_caves
Slime:4:  layout_caves
Slime:5
Orc:1:    layout_diamond_mine, serial_shops, shop_fountains,
          nicolae_orc_stony_grotto
Orc:2:    grunt_orc_cross, layout_caves, serial_shops,
          nicolae_shop_tiny_waterfront, nicolae_shop_back_alley_shop,
          roderic_batcave, sword_in_stone
Elf:1:    minmay_elf_arrival_circle, layout_geoelf_diagonals,
          hangedman_corner_corridor
Elf:2:    nicolae_elf_blades_splatter_lattice [infiniplex_blade_entry_pillars],
          layout_geoelf_grid, st_stairs_6, uniq_jorgrun
Elf:3:    grunt_elf_hall_branching, layout_geoelf_octagon, serial_shops, shop,
          serial_nicolae_subway, nicolae_sub_station_crystal,
          nicolae_sub_station_metal, nicolae_sub_station_stone
Vaults:1: v_misc_2, v_misc_1, nicolae_vaults_closet_pinwheel_4, st_eye,
          nicolae_vaults_rhombus_6, v_misc_16, ontoclasm_vaults_chip,
          vaults_mumra_hexcomb, nicolae_vaults_angled_halls,
          ontoclasm_vaults_spin, vaults_dpeg_hooks,
          nicolae_vaults_variable_pillar_hall, layout_vaults_ring, serial_shops,
          nicolae_shop_hallway_plus
Vaults:2: vaults_standard_mumra_x, hangedman_vaults_cutoff, vaults_room_pools,
          nicolae_vaults_closet_pinwheel_4, nicolae_vaults_trapezoid_layered,
          nicolae_vaults_wine_cellar, v_alt_pattern_5,
          nicolae_vaults_murder_corner, nicolae_vaults_little_squares_3,
          nicolae_vaults_diagonal_hallway_8, nicolae_vaults_apartment_2,
          nicolae_vaults_network_quinsquares
          [nicolae_vaults_network_quincunx_subvault,
          nicolae_vaults_network_quincunx_subvault,
          nicolae_vaults_network_quincunx_subvault,
          nicolae_vaults_network_quincunx_subvault], vaults_room_ringed_pool,
          nicolae_vaults_house_2, layout_vaults_maze_snakey
Vaults:3: blue_anna_dwarven_crypt, v_misc_15, hangedman_vaults_slither,
          ontoclasm_vaults_shuriken, ontoclasm_vaults_idyll,
          nicolae_vaults_tetromino_Z_1, nicolae_vaults_meiosis,
          nicolae_vaults_quartermaster, vaults_room_pools, v_misc_13,
          nicolae_vaults_mini_display_case, vaults_room_door_hall, v_misc_15,
          vaults_dpeg_cross, nicolae_vaults_sesquioval_fish,
          layout_vaults_omnibox, uniq_zenata, uniq_mennas
Vaults:4: nicolae_vaults_big_ls, v_alt_pattern_4,
          nicolae_vaults_network_periphery, nicolae_vaults_diamond_2,
          vaults_mumra_chevron, nicolae_vaults_sightless_eye,
          nicolae_vaults_closet_pinwheel_6, vaults_room_stairs_pillars,
          nicolae_vaults_swerve, nicolae_vaults_more_shelving_1,
          layout_vaults_omnicross, serial_shops, shop, nicolae_shop_trees
Vaults:5: serial_shops, uniq_sojobo
Crypt:1:  layout_gridlike, grunt_megastairs_4, grunt_crypt_arrival_split
Crypt:2:  layout_catacombs, basic_altar, minivault_24,
          serial_sigils_hangedman_gut, uniq_boris, uniq_grunn, uniq_margery
Crypt:3:  church_of_pain_bobbens, layout_chaotic_city,
          tomb_entry_forgotten_bobbens, st_stairs_14
Tomb:1
Tomb:2
Depths:1: layout_forbidden_donut, grunt_pan_entry_spiral, gammafunk_ghost_crypt,
          hell_entry, nicolae_qazlal_eye_of_the_storm, hex_large,
          hangedman_abyss_or_decor_stabs, serial_bayou_lagoon_a, zin_scriptorium
Depths:2: minmay_the_grid_net [minmay_the_grid_expand,
          minmay_the_grid_pillar_ring, minmay_the_grid_holed_spiral,
          minmay_the_grid_minigrid_large, minmay_the_grid_small_cups,
          minmay_the_grid_prize_four_corners], layout_basic,
          rand_demon_pan_entry_7, interstate_on_off, serial_shops,
          nicolae_shop_hallway_stairs, shop, nicolae_square_shop,
          nicolae_shop_trees, pf_hell_entry_tar_river, minmay_staircase_bubble
Depths:3: minmay_connected_boxes_in_corner, layout_gridlike,
          grunt_hell_entry_demonic_statue, hangedman_abyss_or_decor_slice,
          abyss_entry_flame_altar, rand_demon_pan_entry_4, minmay_shoptagon
Depths:4: evilmike_zot_entry_diamond, layout_gridlike, enter_ziggurat_d,
          hell_entry, hex_tiny, serial_shops, shop, pan_entry,
          minmay_shop_grove, uniq_vv

Skill      XL: |  1  2  3  4  5  6  7  8  9 10 11 12 13 14 15 16 17 18 19 20 21 22 23 24 25 26 27 |
---------------+----------------------------------------------------------------------------------+-----
Earth Magic    | 4 5 6 7 8 11 12 14 16 18 19 21 22 23 | 23.0
Spellcasting   | 3 4 5 7 8 9 10 11 12 14 15 16 17 18 20 21 22 23 27 | 27.0
Conjurations   | 1 2 3 5 7 9 10 11 13 14 15 16 18 | 18.9
Fighting       | 2 4 5 6 8 9 10 11 12 14 15 16 27 | 27.0
Armour         | 2 4 6 9 10 11 12 13 14 26 | 26.0
Shields        | 3 5 6 8 9 10 11 12 13 15 | 15.0
Fire Magic     | 5 10 16 18 | 18.0
Dodging        | 5 8 9 10 | 10.0
Evocations     | 1 4 6 |  6.0
Maces & Flails | 2 6 8 9 |  9.0
Throwing       | 11 | 11.1
Stealth        | |  2.1
Hexes          | |  0.1
Transmutations | |  0.7
Ice Magic      | |  0.1

Action                     |  1- 3 |  4- 6 |  7- 9 | 10-12 | 13-15 | 16-18 | 19-21 | 22-24 | 25-27 || total
---------------------------+-------+-------+-------+-------+-------+-------+-------+-------+-------++-------
  Melee: Unarmed           |     5 |    14 |     7 |       |       |       |       |       |       ||    26
         Mace              |       |       |    34 |   237 |    99 |       |       |       |       ||   370
         Punch             |       |       |       |     3 |       |       |       |       |       ||     3
         Long sword        |       |       |       |       |   241 |    49 |    41 |    30 |     1 ||   362
         Whip              |       |       |       |       |       |       |    19 |   165 |       ||   184
         Bo                |       |       |       |       |       |       |       |     1 |   522 ||   523
   Cast: Sandblast         |    67 |    70 |    70 |    10 |       |       |       |       |       ||   217
         Magic Dart        |       |     4 |       |     8 |    22 |    26 |       |       |       ||    60
         Stone Arrow       |       |     4 |    43 |   172 |   485 |    94 |     4 |     1 |       ||   803
         Searing Ray       |       |       |    15 |    31 |    29 |     1 |       |       |       ||    76
         Dazzling Flash    |       |       |       |     3 |     2 |       |     1 |       |       ||     6
         Iskenderun's Batt |       |       |       |     1 |    17 |     5 |       |       |     1 ||    24
         Lee's Rapid Decon |       |       |       |     1 |    47 |    47 |   138 |   253 |   148 ||   634
         Iskenderun's Myst |       |       |       |       |    62 |     1 |       |       |       ||    63
         Iron Shot         |       |       |       |       |    52 |   246 |   193 |   274 |   166 ||   931
         Orb of Destructio |       |       |       |       |       |    36 |     2 |     6 |       ||    44
         Freezing Cloud    |       |       |       |       |       |    72 |    20 |     3 |       ||    95
         Flame Wave        |       |       |       |       |       |    11 |    69 |    16 |       ||    96
         Conjure Ball Ligh |       |       |       |       |       |       |     2 |       |       ||     2
         Lehudib's Crystal |       |       |       |       |       |       |       |    16 |    72 ||    88
         Fire Storm        |       |       |       |       |       |       |       |       |   244 ||   244
         Ignition          |       |       |       |       |       |       |       |       |    12 ||    12
         Shatter           |       |       |       |       |       |       |       |       |    81 ||    81
  Evoke: Wand              |       |       |     3 |    13 |     5 |    41 |    20 |     6 |     6 ||    94
         Lightning rod     |       |       |       |       |     5 |     5 |     5 |     7 |       ||    22
         Phantom mirror    |       |       |       |       |     1 |       |       |     1 |       ||     2
         Condenser vane    |       |       |       |       |     1 |       |       |       |       ||     1
    Use: Scroll            |     4 |     4 |    11 |     8 |     8 |     2 |     5 |     9 |    29 ||    80
         Potion            |       |       |     1 |     2 |     9 |     7 |     3 |    18 |    52 ||    92
   Stab: Sleeping          |       |     1 |       |       |       |       |       |       |       ||     1
 Armour: Robe              |    24 |    29 |    46 |       |       |       |       |       |       ||    99
         Leather armour    |       |       |     4 |   130 |       |       |       |       |       ||   134
         Ice dragon scales |       |       |       |    39 |       |       |       |       |       ||    39
         Scale mail        |       |       |       |   115 |   538 |       |       |       |       ||   653
         Ring mail         |       |       |       |       |    98 |   244 |   331 |   267 |   302 ||  1242
  Dodge: Dodged            |    31 |    48 |    62 |   302 |   453 |   144 |   245 |   191 |   163 ||  1639
  Block: Buckler           |       |       |       |       |   213 |       |       |       |       ||   213
         Kite shield       |       |       |       |       |    51 |   180 |   291 |   318 |   528 ||  1368
